 Dungeon Crawl Stone Soup version 0.32-a0-391-gce5c0aab1b (webtiles) character file.

Game seed: 2659272595552773610

21 Zeldest the Slasher (level 2, -2/23 HPs)
             Began as a Coglin Reaver on Feb 19, 2024.
             Slain by a ribbon worm (7 damage)
             ... on level 2 of the Dungeon.
             The game lasted 00:00:49 (545 turns).

Zeldest the Slasher (Coglin Reaver)                  Turns: 545, Time: 00:00:49

Health: -2/23      AC:  5    Str: 12    XL:     2   Next: 87%
Magic:  4/4        EV: 11    Int: 12    God:
Gold:   53         SH:  0    Dex: 12    Spells: 3/4 levels left

rFire   . . .        a - +0 falchion {Gerda}
rCold   . . .        (no shield)
rNeg    . . .        b - +0 leather armour
rPois   .            (no helmet)
rElec   .            (no cloak)
rCorr   .            (no gloves)
SInv    .            g - +1 pair of boots
Will    .....        (no amulet)
Stlth   +            (no ring)
HPRegen 0.23/turn    (no ring)
MPRegen 0.09/turn

%: no passive effects
@: revved, stiff-legged, very slow
A: off-hand wielding, slow wielding, warmup strikes, warmup strides
a: no special abilities


You were on level 2 of the Dungeon.
You visited 1 branch of the dungeon, and saw 2 of its levels.

You collected 53 gold pieces.

Inventory:

Hand Weapons
 a - a +0 falchion (weapon) {Gerda}
Armour
 b - a +0 leather armour (worn)
 g - a +1 pair of boots (worn)
Jewellery
 h - a +6 ring of strength
Scrolls
 e - a scroll of teleportation {unknown}
 k - a scroll of acquirement {unknown}
Potions
 c - a potion of curing {unknown}
 d - 2 potions of brilliance {unknown}
 f - 2 potions of attraction {unknown}
 i - a potion of heal wounds {unknown}
 j - a potion of ambrosia {unknown}


   Skills:
 + Level 2.3 Fighting
 * Level 3.5 Long Blades
 + Level 2.1 Dodging
 - Level 1.7 Spellcasting
 - Level 2.6 Conjurations


You had 3 spell levels left.
You knew the following spells:

 Your Spells              Type           Power      Damage    Failure   Level
a - Kiss of Death         Conj/Necr      16%        2d6       21%         1

Your spell library contained the following spells:

 Spells                   Type           Power      Damage    Failure   Level
 Momentum Strike          Conj/Tloc      8%         3d8       30%         2
 Hailstorm                Conj/Ice       4%         3d5       52%         3


Dungeon Overview and Level Annotations

Branches:
Dungeon (2/15) Zot: 11423

Altars:

Shops:
D:2 (


Innate Abilities, Weirdness & Mutations

You can wield a second weapon in your off-hand.
It takes a long time for you to wield or remove held weapons.
Your first few attacks do less damage.
Your first movements take longer.


Message History

The adder poisons you!
There are monsters nearby!
You closely miss the adder.
You feel sick. The adder closely misses you. The ribbon worm bites you.
The adder bites you but does no damage.
There are monsters nearby!
You hit the adder.
The adder is severely wounded.
You feel sick. The adder bites you.
You are more poisoned.
The adder poisons you! The ribbon worm barely misses you.
You are too injured to fight recklessly!
You are too injured to fight recklessly!
You are too injured to fight recklessly!
Okay, then.
You barely miss the adder.
The adder is severely wounded.
You feel sick. The adder closely misses you.
The ribbon worm bites you but does no damage.
The adder bites you but does no damage.
You miss the adder.
The adder is severely wounded.
You feel sick. The adder bites you but does no damage.
The ribbon worm bites you but does no damage.
You closely miss the adder.
The adder is severely wounded.
You feel sick. The adder misses you.
The ribbon worm expels a string of sticky webbing.
The stream of webbing hits you but does no damage.
You are caught in a web!
You struggle to detach yourself from the web.
You feel sick. The adder bites you. The adder bites you but does no damage.
The web tears apart.
You feel sick. The ribbon worm barely misses you.
The adder bites you but does no damage.
You hit the adder but do no damage.
The adder is severely wounded.
You feel sick.
You are no longer poisoned.
A frilled lizard comes into view.
The adder bites you but does no damage. The ribbon worm bites you!
You die...

##.#l..###..
##...........
............
#.........# #.
#.........### #.
#............ ..
#..Sw.....# #.
#.$.@...[.## #.
#..!.......####### #.
#...###.....#...<.###.
#.####.............##.
# #.................
#.................
#.................
#.................
#...............##


You could see a ribbon worm, an adder and a frilled lizard (wandering).

Vanquished Creatures
  2 endoplasms
  A giant cockroach (D:2)
  A goblin (D:1)
  A hobgoblin (D:1)
  A quokka (D:2)
  3 bats
  A frilled lizard (D:1)
  A kobold (D:1)
  A rat (D:1)
12 creatures vanquished.

Notes
Turn   | Place    | Note
-------+----------+-------------------------------------------
     0 | D:1      | Zeldest the Coglin Reaver began the quest for the Orb.
     0 | D:1      | Reached XP level 1. HP: 16/16 MP: 3/3
   158 | D:1      | Reached XP level 2. HP: 22/22 MP: 4/4
   443 | D:2      | Found Domn's Antique Weapon Shoppe.
   490 | D:2      | Identified the +7 mace "Xeufaizo" {protect, rN+ Int+3}
   545 | D:2      | Slain by a ribbon worm

Illustrated notes

Levels and vault maps discovered:
D:1:      minmay_arrival_shattered_statue, layout_rooms
D:2:      minmay_spotlight, layout_rooms, serial_shops, shop

Skill      XL: |  1  2 |
---------------+-------+-----
Dodging        | 2 |  2.1
Fighting       | |  2.3
Long Blades    | |  3.5
Spellcasting   | |  1.7
Conjurations   | |  2.6

Action                     || total
---------------------------++-------
  Melee: Falchion          ||    36
 Armour: Leather armour    ||    41
  Dodge: Dodged            ||    19

Table legend: (Time is in decaauts)
 A = Elapsed time spent in this place.
 B = Non-inter-level travel time spent in this place.
 C = Inter-level travel time spent in this place.
 D = Time resting spent in this place.
 E = Time spent auto-exploring this place.
 F = Levels seen in this place.
 G = Mean time per level.
                   A        B        C        D        E       F      G
               +--------+--------+--------+--------+--------+-----+--------+
         Total |    575 |    567 |      8 |     41 |    415 |   2 |  287.5 |
       Dungeon |    575 |    567 |      8 |     41 |    415 |   2 |  287.5 |
               +--------+--------+--------+--------+--------+-----+--------+

Top non-repeatable levels by time:
     D:1: 465 daAuts
     D:2: 110 daAuts
